 Dungeon Crawl Stone Soup version 0.29-a0-23-ga79f92ac9c (webtiles) character file.

Game seed: 13391487447805744922

5883 pokeman the Thaumaturge (level 10, -17/52 (53) HPs)
             Began as a Deep Elf Hedge Wizard on Jan 30, 2022.
             Was a Follower of Vehumet.
             Blown up by a cacodemon (30 damage)
             ... with a bolt of energy
             ... on level 3 of the Abyss.
             The game lasted 00:44:20 (12869 turns).

pokeman the Thaumaturge (Deep Elf Hedge Wizard)    Turns: 12869, Time: 00:44:20

HP:   -17/52 (53)   AC: 13    Str:  7    XL:     10   Next: 52%
MP:   29/29         EV: 11    Int: 24    God:    Vehumet [*.....]
Gold: 518           SH:  0    Dex: 14    Spells: 25/36 levels left

rFire   + . .      SeeInvis .   e - staff of fire
rCold   . . .      Faith    .   (no shield)
rNeg    . . .      Spirit   .   A - +0 acid dragon scales
rPois   .          Reflect  .   o - +0 helmet
rElec   .          Harm     .   Q - +0 cloak
rCorr   +          Rampage  .   (no gloves)
Will    +....                   (no boots)
Stlth   ++........              (no amulet)
HPRegen 0.17/turn               J - +4 ring of protection
MPRegen 0.21/turn               b - ring of wizardry

@: lethally poisoned (-17 -> -18), lightly drained
A: no striking features
a: Renounce Religion


You were on level 3 of the Abyss.
You worshipped Vehumet.
Vehumet was aware of your devotion.
You visited 2 branches of the dungeon, and saw 10 of its levels.
You visited the Abyss 1 time.
You also visited: Sewer.

You collected 518 gold pieces.

Inventory:

Hand Weapons
 k - a +0 hand crossbow
 t - a +0 dagger of chaos
 R - the +4 shortbow of Eternal Harmony {freeze, rElec rCorr Str-4 Dex-3}
   (You found it on level 8 of the Dungeon)

   Any ammunition fired from it freezes those it strikes, dealing additional
   cold damage.
   It can also slow down cold-blooded creatures.
   Str:       It affects your strength (-4).
   Dex:       It affects your dexterity (-3).
   rElec:     It insulates you from electricity.
   rCorr:     It protects you from acid and corrosion.
Missiles
 l - 44 bolts
 I - 63 arrows
Armour
 m - a +0 kite shield
 o - a +0 helmet (worn)
 A - +0 acid dragon scales (worn)
 H - a +2 leather armour of cold resistance
 P - an orb of wrath
 Q - a +0 cloak (worn)
Magical Staves
 e - a staff of fire (weapon)
Jewellery
 a - a ring of resist corrosion
 b - a ring of wizardry (right hand)
 z - a ring of ice
 J - a +4 ring of protection (left hand)
 L - a ring of wizardry
 N - a +6 ring of dexterity
Wands
 w - a wand of flame (25)
Scrolls
 g - a scroll of holy word
 j - a scroll of vulnerability
 n - 3 scrolls of immolation
 r - 4 scrolls of teleportation
 s - a scroll of fog
 u - 2 scrolls of fear
 x - 2 scrolls of enchant weapon
 y - 2 scrolls of magic mapping
 B - a scroll of silence
 C - a scroll of torment
 K - a scroll of blinking
 O - a scroll of amnesia
Potions
 c - 4 potions of berserk rage
 f - a potion of attraction {unknown}
 h - a potion of mutation {unknown}
 i - 3 potions of haste
 p - 3 potions of might {unknown}
 v - 2 potions of curing
 D - 2 potions of brilliance {unknown}
 E - 4 potions of flight
 F - a potion of resistance {unknown}
 G - a potion of heal wounds {unknown}
 M - a potion of lignification {unknown}


   Skills:
 - Level 2.1 Fighting
 + Level 4.0 Armour
 - Level 3.0 Dodging
 - Level 3.0 Stealth
 - Level 3.0 Shields
 * Level 13.7 Spellcasting
 + Level 7.8 Conjurations
 - Level 1.1 Summonings
 - Level 1.1 Translocations
 + Level 6.8 Fire Magic
 - Level 1.0 Air Magic
 - Level 1.3 Poison Magic
 - Level 1.3 Evocations


You had 25 spell levels left.
You knew the following spells:

 Your Spells              Type           Power      Damage    Failure   Level
a - Magic Dart            Conj           100%       1d8       1%          1
b - Mephitic Cloud        Conj/Pois/Air  32%        N/A       1%          3
c - Call Imp              Summ           21%        N/A       2%          2
d - Blink                 Tloc           42%        N/A       2%          2
e - Conjure Flame         Conj/Fire      67%        6-21      1%          3

Your spell library contained the following spells:

 Spells                   Type           Power      Damage    Failure   Level
 Sandblast                Erth           32%        2d9       2%          1
 Slow                     Hex            64%        N/A       2%          1
 Tukima's Dance           Hex            16%        N/A       8%          3
 Passage of Golubria      Tloc           21%        N/A       16%         4
 Anguish                  Hex/Necr       8%         N/A       26%         4
 Leda's Liquefaction      Hex/Erth       8%         N/A       26%         4
 Lee's Rapid Deconstruct  Erth           8%         3d8*      54%         5
 Yara's Violent Unravell  Hex/Tmut       8%         3d5       54%         5
 Statue Form              Tmut/Erth      10%        N/A       98%         6
 Enfeeble                 Hex            8%         N/A       100%        7
 Borgnjor's Revivificati  Necr           8%         N/A       100%        8
 Necromutation            Tmut/Necr      8%         N/A       100%        8
 Death's Door             Necr           8%         N/A       100%        9


Dungeon Overview and Level Annotations

Branches:
Dungeon (9/15)             Temple (1/1) D:6           Sewer (visited)
   Lair: D:8-11         Orc: D:9-12

Altars:
Ashenzari
Cheibriados
Dithmenos
Elyvilon
Fedhas
Gozag
Hepliaklqana
Kikubaaqudgha
Makhleb
Nemelex Xobeh
Okawaru
Qazlal
Ru
Sif Muna
Trog
Uskayaw
Vehumet
Wu Jian
Xom
Yredelemnul
Zin
The Shining One


Message History

The raiju bites the hell hound.
The raiju shocks the hell hound!
The hell hound bites the thrashing horror!
Casting: Mephitic Cloud (safe; 1% risk of failure)
Confirm with . or Enter, or press ? or * to list all spells.
You blink.
A neqoxec comes into view.
The neqoxec shouts!
You are suddenly pulled into a different region of the Abyss!
You start resting.
You feel stable enough to blink again.
You start resting.
A cacodemon comes into view.
You start resting.
A guardian serpent comes into view.
An orange demon comes into view. x2
The orange demon screeches!
You hear a shout! x2
A sixfirhy comes into view.
The sixfirhy moves out of view.
Okay, then.
Unknown command.
A naga warrior and a naga come into view.
The naga is wielding a +2 long sword of protection.
The naga warrior shouts!
The naga shouts!
The orange demon screeches!
You hear a shout!
A naga warrior comes into view.
It is wielding a +0 short sword and wearing a +0 tower shield of resistance.
The naga spits poison at you.
The splash of poison hits you but does no damage.
You are poisoned.
Some rock shatters into small pieces.
You feel sick.
You feel sick.
You feel sick. The cacodemon hits you.
* * * LOW HITPOINT WARNING * * *
The cacodemon closely misses you.
You feel sick.
You feel sick. The cacodemon gestures at you. The bolt of energy hits you!!
Ouch! That really hurt!
You die...

.. .. ## ..###.
#.# #..#..# ..#
#.....##..
#.....#. ###
#..#..#..####.#
.........#..#.##
#@.##....#
###2#....#
#..S3##.#
##.#4N#.#
####4.## #...
...# .N..N #.##


You could see a naga warrior, a cacodemon, 2 orange demons, a guardian serpent
and a sixfirhy.

Vanquished Creatures
  A two-headed ogre (D:8)
  Pikel (D:6)
  Maggie (D:6)
  A komodo dragon (D:8)
  A hornet (D:7)
  Sigmund (D:6)
  2 fire bats (Abyss:3)
  A steam dragon (D:8)
  Edmund (D:5)
  Duvessa (D:6)
  3 water moccasins
  6 orc warriors
  A sky beast (D:6)
  2 necrophages (D:5)
  2 centaurs
  2 ogres
  4 wolves (D:8)
  A kobold brigand (D:6)
  A lemure (D:6)
  2 bullfrogs (D:8)
  A scorpion (D:6)
  Dowan (D:6)
  4 killer bees (D:8)
  3 electric eels (D:7)
  A centaur zombie (D:7)
  A crimson imp (D:4)
  2 jellies
  A gnoll shaman (D:4)
  A centaur skeleton (D:4)
  A hound (D:7)
  2 orc priests (D:7)
  A bullfrog skeleton (D:7)
  8 orc wizards
  3 iguanas
  Robin (D:2)
  7 gnolls
  A howler monkey skeleton (D:6)
  8 adders
  7 river rats
  2 shadow imps
  A white imp (D:6)
  An adder skeleton (D:4)
  A worm (Sewer)
  3 dart slugs
  26 orcs
  7 endoplasms
  9 giant cockroaches
  12 goblins
  7 hobgoblins
  5 jackals (Sewer)
  8 kobolds
  4 quokkas
  12 ball pythons
  8 bats
  3 frilled lizards
  6 rats
204 creatures vanquished.

Vanquished Creatures (collateral kills)
  Grum (D:8)
  A bullfrog (D:8)
  An orc priest (D:3)
  An orc wizard (D:3)
  An orc (D:8)
5 creatures vanquished.

Vanquished Creatures (others)
  8 fungi (D:9)
  30 plants
  4 starspawn tentacles (Abyss:3)
42 creatures vanquished.

Grand Total: 251 creatures vanquished

Notes
Turn   | Place    | Note
-------+----------+-------------------------------------------
     0 | D:1      | pokeman the Deep Elf Hedge Wizard began the quest for the
                  | Orb.
     0 | D:1      | Reached XP level 1. HP: 10/10 MP: 7/7
   529 | D:1      | Reached XP level 2. HP: 16/16 MP: 6/9
   802 | D:1      | Found a faded altar of an unknown god.
  1418 | D:2      | Reached skill level 5 in Spellcasting
  1718 | D:2      | Noticed Robin
  1722 | D:2      | Reached XP level 3. HP: 20/20 MP: 7/11
  1750 | D:1      | Learned a level 3 spell: Mephitic Cloud
  1753 | D:1      | Learned a level 2 spell: Call Imp
  1756 | D:1      | Learned a level 2 spell: Blink
  1760 | D:1      | Learned a level 3 spell: Conjure Flame
  2254 | D:2      | Killed Robin
  2255 | D:2      | Reached skill level 1 in Fighting
  2255 | D:2      | Reached skill level 1 in Armour
  2874 | D:3      | Reached XP level 4. HP: 25/25 MP: 5/13
  3212 | D:3      | Reached skill level 6 in Spellcasting
  3344 | D:3      | Found a broken altar of Ashenzari.
  3351 | D:3      | Found a hazy altar of Hepliaklqana.
  3586 | D:4      | Reached skill level 1 in Shields
  3586 | D:4      | Reached XP level 5. HP: 29/29 MP: 8/15
  3667 | D:4      | Found a shimmering altar of Xom.
  3667 | D:4      | Found a burning altar of Makhleb.
  3943 | D:4      | Reached skill level 1 in Fire Magic
  3943 | D:4      | Reached XP level 6. HP: 34/34 MP: 6/17
  4568 | D:5      | Entered Level 5 of the Dungeon
  4611 | D:5      | Reached skill level 7 in Spellcasting
  4611 | D:5      | Reached skill level 1 in Air Magic
  4611 | D:5      | Reached skill level 1 in Evocations
  4734 | D:5      | Found a sparkling altar of Nemelex Xobeh.
  4839 | D:5      | Noticed Edmund
  4855 | D:5      | Killed Edmund
  4856 | D:5      | Reached skill level 1 in Poison Magic
  4856 | D:5      | Reached XP level 7. HP: 38/38 MP: 5/20
  4969 | D:5      | Reached skill level 8 in Spellcasting
  5605 | D:6      | Found a staircase to the Ecumenical Temple.
  5605 | D:6      | Noticed Maggie
  5618 | D:6      | Killed Maggie
  5619 | D:6      | Reached skill level 9 in Spellcasting
  5619 | D:6      | Reached XP level 8. HP: 20/44 MP: 15/23
  5636 | Temple   | Entered the Ecumenical Temple
  5859 | D:6      | Noticed Pikel
  5922 | D:6      | Noticed Sigmund
  5923 | D:6      | Found a glowing drain.
  5934 | Sewer    | Entered a sewer
  6509 | Sewer    | Reached skill level 5 in Conjurations
  7257 | D:6      | Noticed Duvessa
  7259 | D:6      | Noticed Dowan
  7578 | D:6      | Reached skill level 10 in Spellcasting
  7581 | D:6      | Killed Pikel
  7582 | D:6      | Reached XP level 9. HP: 30/48 MP: 20/25
  7739 | D:6      | Killed Sigmund
  7844 | D:6      | Killed Duvessa
  7845 | D:6      | Reached skill level 11 in Spellcasting
  8188 | D:6      | Killed Dowan
  8788 | D:7      | Reached skill level 5 in Fire Magic
  9270 | D:7      | Reached skill level 12 in Spellcasting
  9453 | D:7      | Found a radiant altar of Vehumet.
  9483 | D:7      | Became a worshipper of Vehumet
  9730 | D:7      | Identified the +1 robe of Okawaru's Favour {rElec}
 10563 | D:8      | Reached XP level 10. HP: 42/53 MP: 19/28
 10655 | D:8      | Found a glowing golden altar of the Shining One.
 10656 | D:8      | Found an opulent altar of Gozag.
 10657 | D:8      | Found a snail-covered altar of Cheibriados.
 10657 | D:8      | Found a shimmering blue altar of Sif Muna.
 10932 | D:8      | Found a basalt altar of Yredelemnul.
 10969 | D:8      | Noticed Grum
 10998 | D:8      | Killed Grum
 11228 | D:8      | Noticed a two-headed ogre
 11277 | D:8      | Reached * piety under Vehumet
 11277 | D:8      | Offered knowledge of Sandblast by Vehumet.
 11387 | D:8      | Reached skill level 13 in Spellcasting
 11447 | D:8      | Killed a two-headed ogre
 11561 | D:8      | Identified the +4 shortbow of Eternal Harmony {freeze,
                  | rElec rCorr Str-4 Dex-3}
 11756 | D:9      | Noticed a wizard
 11758 | D:9      | Noticed a death knight
 12424 | D:8      | Cast into level 3 of the Abyss (a wizard)
 12543 | Abyss:3  | Found a corrupted altar of Lugonu.
 12559 | Abyss:3  | Noticed a bone dragon
 12579 | Abyss:3  | Noticed a large abomination
 12591 | Abyss:3  | Noticed a thrashing horror
 12593 | Abyss:3  | Noticed a thrashing horror
 12659 | Abyss:3  | Noticed a tentacled starspawn
 12659 | Abyss:3  | Noticed a tentacled starspawn
 12773 | Abyss:3  | Noticed a profane servitor
 12779 | Abyss:3  | Noticed a great orb of eyes
 12785 | Abyss:3  | Noticed a thrashing horror
 12797 | Abyss:3  | HP: 2/52 [thrashing horror (2)]
 12838 | Abyss:3  | Noticed a cacodemon
 12854 | Abyss:3  | Noticed a guardian serpent
 12858 | Abyss:3  | Noticed an orange demon
 12858 | Abyss:3  | Noticed an orange demon
 12859 | Abyss:3  | Noticed a sixfirhy
 12863 | Abyss:3  | Noticed a naga warrior
 12864 | Abyss:3  | Noticed a naga warrior
 12869 | Abyss:3  | Blown up by a cacodemon

Illustrated notes

Levels and vault maps discovered:
D:1:      dpeg_arrival_triangle_fractal, layout_basic,
          dreamdust_ecumenical_altar_angels_and_demons
D:2:      layout_basic, minmay_misc_feat_ornament, minmay_octomino_j4,
          uniq_robin
D:3:      layout_rooms, grunt_temple_overflow_open
D:4:      layout_loops_ring, grunt_temple_overflow_champion_of_chaos
D:5:      layout_rooms, mainiacjoe_overflow_alcove_2, uniq_edmund
D:6:      layout_rooms, minmay_temple_entry_glass, portal_sewer_entry_b,
          serial_bayou_crossing, uniq_sigmund, uniq_pikel, uniq_maggie,
          uniq_duvessa
D:7:      layout_loops_corners, mainiacjoe_overflow_brackets,
          serial_bayou_lagoon_b
D:8:      layout_loops_ring, mainiacjoe_overflow_tiny_flanked,
          mainiacjoe_overflow_alcove_3, uniq_grum
D:9:      layout_small_grid, due_lair_maze_entry_diamond, serial_shops,
          nicolae_square_shop, lemuel_old_faithful, uniq_harold
Temple:   minmay_temple_curvy_loop
Abyss:3:  base: D:2, evilmike_abyss_exit_4, hangedman_abyss_shoalhut,
          hangedman_abyss_shoalhut, bh_abyss_exit_choice, bh_abyss_exit_choice,
          lemuel_flamethrower_3, nicolae_abyss_rune_left_handed

Skill      XL: |  1  2  3  4  5  6  7  8  9 10 |
---------------+-------------------------------+-----
Spellcasting   | 5 6 7 9 10 12 13 | 13.7
Fighting       | 1 2 |  2.1
Armour         | 1 2 3 4 |  4.0
Conjurations   | 2 3 4 5 7 |  7.8
Dodging        | 3 |  3.0
Shields        | 1 2 3 |  3.0
Stealth        | 3 |  3.0
Fire Magic     | 1 2 4 5 6 |  6.8
Air Magic      | 1 |  1.0
Evocations     | 1 |  1.3
Poison Magic   | 1 |  1.3
Summonings     | |  1.1
Translocations | |  1.1

Action                   |  1- 3 |  4- 6 |  7- 9 | 10-12 || total
-------------------------+-------+-------+-------+-------++-------
Melee: Staff             |     3 |     7 |   134 |    15 ||   159
       Punch             |       |       |     3 |       ||     3
 Cast: Magic Dart        |    98 |    84 |   189 |    72 ||   443
       Mephitic Cloud    |     2 |     5 |    39 |    21 ||    67
       Conjure Flame     |     2 |     8 |    25 |    10 ||    45
       Call Imp          |     1 |     2 |     8 |     9 ||    20
       Blink             |       |       |     7 |    11 ||    18
  Use: Scroll            |       |       |       |    16 ||    16
       Potion            |       |       |       |     2 ||     2
 Stab: Confused          |     1 |       |    12 |     2 ||    15
Armor: Leather armour    |       |     5 |    45 |       ||    50
       Acid dragon scale |       |       |    13 |    67 ||    80
Dodge: Dodged            |     5 |     6 |   151 |    61 ||   223

Table legend: (Time is in decaauts)
 A = Elapsed time spent in this place.
 B = Non-inter-level travel time spent in this place.
 C = Inter-level travel time spent in this place.
 D = Time resting spent in this place.
 E = Time spent auto-exploring this place.
 F = Levels seen in this place.
 G = Mean time per level.
                   A        B        C        D        E       F      G
               +--------+--------+--------+--------+--------+-----+--------+
         Total |  13109 |  12620 |    489 |   2024 |   8142 |  12 | 1092.4 |
       Dungeon |  11148 |  10659 |    489 |   1678 |   7134 |   9 | 1238.7 |
        Temple |     95 |     95 |      0 |      0 |      0 |   1 |   95.0 |
         Abyss |    444 |    444 |      0 |    123 |      0 |   1 |  444.0 |
         Sewer |   1419 |   1419 |      0 |    223 |   1008 |   1 | 1419.0 |
               +--------+--------+--------+--------+--------+-----+--------+

Top non-repeatable levels by time:
     D:7: 1993 daAuts
     D:8: 1690 daAuts
     D:5: 1508 daAuts
     D:2: 1442 daAuts
   Sewer: 1419 daAuts
     D:1: 1366 daAuts
     D:6: 1361 daAuts
     D:4: 924 daAuts
     D:3: 838 daAuts
 Abyss:3: 444 daAuts
  Temple: 95 daAuts
     D:9: 23 daAuts
